[Event "GER-ch Youth U10 2020"]
[Site "Willingen"]
[Date "2020.10.30"]
[Round "5.12"]
[White "Malinowsky, Levi"]
[Black "Rosenkranz, Lennard"]
[Result "1-0"]
[ECO "B53"]
[WhiteElo "1606"]
[BlackElo "1467"]
[Annotator "NA RC"]
[PlyCount "54"]
[EventDate "2020.10.27"]
[EventType "swiss"]
[EventRounds "7"]
[EventCountry "GER"]
[SourceTitle "playchess.com"]
[Source "ChessBase"]
[SourceQuality "1"]
[TimeControl "40/4500+30:900+30"]

1. e4 c5 2. Nf3 d6 3. d4 cxd4 4. Qxd4 a6 5. c4 Nf6 6. Nc3 e6 7. b3 g6 8. Bb2 Bg7 9. Be2 O-O 10. Qe3 Qc7 11. O-O Nbd7 12. Rfd1 b6 13. Rd2 Nc5 14. Rad1 Nb7 15. h3 Rd8 16. Na4 Nc5 17. Nxc5 Qxc5 18. Bd4 Qc6 19. Bxb6 Rd7 20. Bd3 Bh6 21. Qxh6 Qxb6 22. Bc2 e5 23. Ng5 Bb7 24. Kf1 Qc5 25. Re1 Qa5 26. Rd3 Bxe4 27. Rxe4 Nxe4 1-0

[Event "GER-ch Youth U10 2020"]
[Site "Willingen"]
[Date "2020.10.30"]
[Round "5.13"]
[White "Laux, Filip"]
[Black "Middendorf, Sven-Jonas"]
[Result "0-1"]
[ECO "C54"]
[WhiteElo "1198"]
[BlackElo "1355"]
[Annotator "NA RC"]
[PlyCount "70"]
[EventDate "2020.10.27"]
[EventType "swiss"]
[EventRounds "7"]
[EventCountry "GER"]
[SourceTitle "playchess.com"]
[Source "ChessBase"]
[SourceQuality "1"]
[TimeControl "40/4500+30:900+30"]

1. e4 e5 2. Nf3 Nc6 3. Bc4 Bc5 4. c3 Nf6 5. d3 d6 6. Bb3 Be6 7. Bc2 a5 8. O-O Bb6 9. h3 h6 10. Re1 O-O 11. Nbd2 Qb8 12. Nf1 Qa7 13. Re2 Nh5 14. N1h2 Rad8 15. Bd2 Ne7 16. Ng4 Ng6 17. Be1 Rfe8 18. a3 Bc8 19. Bb3 Be6 20. Bc2 c6 21. Qc1 Ngf4 22. Rd2 Ng3 23. Bd1 Bb3 24. Kh2 Nf1+ 25. Kg1 Nxd2 26. Qxd2 Bxd1 27. Rxd1 h5 28. Ngh2 d5 29. Nxe5 Nxh3+ 30. gxh3 Rxe5 31. exd5 Rdxd5 32. Nf3 Re6 33. d4 c5 34. Ng5 Rxg5+ 35. Qxg5 Rg6 0-1

[Event "GER-ch Youth U10 2020"]
[Site "Willingen"]
[Date "2020.10.30"]
[Round "5.14"]
[White "Geist, Tim"]
[Black "Mandalka, Justus"]
[Result "1/2-1/2"]
[ECO "D02"]
[WhiteElo "1578"]
[BlackElo "1437"]
[Annotator "NA RC"]
[PlyCount "69"]
[EventDate "2020.10.27"]
[EventType "swiss"]
[EventRounds "7"]
[EventCountry "GER"]
[SourceTitle "playchess.com"]
[Source "ChessBase"]
[SourceQuality "1"]
[TimeControl "40/4500+30:900+30"]

1. d4 d5 2. Nf3 e6 3. e3 c5 4. b3 Nc6 5. Bb2 Nf6 6. Bd3 Be7 7. O-O O-O 8. Nbd2 Qc7 9. a3 b6 10. Ne5 Nd7 11. f4 f5 12. Nxd7 Qxd7 13. Nf3 Bb7 14. Ne5 Nxe5 15. fxe5 b5 16. Qe2 c4 17. Bxf5 exf5 18. Rf3 a5 19. a4 Bc6 20. Rh3 g6 21. Rg3 Kh8 22. e4 fxe4 23. Qe3 Rg8 24. Bc1 cxb3 25. cxb3 bxa4 26. bxa4 Bxa4 27. e6 Qc6 28. Bb2 Bb5 29. Qxe4 Bf6 30. Qe3 Rge8 31. Rxg6 Qc2 32. Rxf6 Qxb2 33. Rf8+ Rxf8 34. Qe5+ Kg8 35. Qg5+ 1/2-1/2

[Event "GER-ch Youth U10 2020"]
[Site "Willingen"]
[Date "2020.10.30"]
[Round "5.15"]
[White "Herrmann, Arthur"]
[Black "Zimmer, Tim"]
[Result "1-0"]
[ECO "C88"]
[WhiteElo "1151"]
[BlackElo "1025"]
[Annotator "NA RC"]
[PlyCount "69"]
[EventDate "2020.10.27"]
[EventType "swiss"]
[EventRounds "7"]
[EventCountry "GER"]
[SourceTitle "playchess.com"]
[Source "ChessBase"]
[SourceQuality "1"]
[TimeControl "40/4500+30:900+30"]

1. e4 e5 2. Nf3 Nc6 3. Bb5 a6 4. Ba4 Nf6 5. O-O Be7 6. Re1 b5 7. Bb3 d6 8. h3 Na5 9. c3 Nxb3 10. Qxb3 c5 11. d4 Qc7 12. Bg5 O-O 13. Nbd2 Bd7 14. Rac1 c4 15. Qc2 Rfe8 16. dxe5 dxe5 17. Rcd1 Nh5 18. Be3 g6 19. Nf1 f5 20. exf5 Bxf5 21. Qc1 Bd3 22. Bg5 Bd6 23. Ne3 e4 24. Nd4 Bf4 25. Bxf4 Qxf4 26. Nd5 Qf7 27. Ne3 Rf8 28. Ng4 Qf4 29. Qxf4 Rxf4 30. Ne6 Ra7 31. Nxf4 Nxf4 32. Nf6+ Kg7 33. Nxe4 Ne2+ 34. Kh2 Rf7 35. f3 1-0

[Event "GER-ch Youth U10 2020"]
[Site "Willingen"]
[Date "2020.10.30"]
[Round "5.16"]
[White "Pimenov, Danil"]
[Black "Sewerinow, Alexander"]
[Result "1-0"]
[ECO "B35"]
[WhiteElo "1235"]
[BlackElo "1202"]
[Annotator "NA RC"]
[PlyCount "60"]
[EventDate "2020.10.27"]
[EventType "swiss"]
[EventRounds "7"]
[EventCountry "GER"]
[SourceTitle "playchess.com"]
[Source "ChessBase"]
[SourceQuality "1"]
[TimeControl "40/4500+30:900+30"]

1. e4 c5 2. Nf3 Nc6 3. d4 cxd4 4. Nxd4 g6 5. Be3 Bg7 6. Nc3 Nf6 7. Bc4 O-O 8. f3 Qb6 9. Bb3 Nxe4 10. Nd5 Qa5+ 11. c3 e6 12. Nxc6 bxc6 13. fxe4 cxd5 14. exd5 Bb7 15. dxe6 dxe6 16. O-O Rfd8 17. Qe2 Rac8 18. Qf2 Rf8 19. Bxa7 Rc7 20. Bb6 Qe5 21. Bxc7 Qxc7 22. Rad1 Ba6 23. Rfe1 Be5 24. Qh4 Bd6 25. Kh1 Bb7 26. Rd3 Be7 27. Qh6 Rd8 28. Rh3 Bf6 29. Qxh7+ Kf8 30. Rxe6 fxe6 1-0

[Event "GER-ch Youth U10 2020"]
[Site "Willingen"]
[Date "2020.10.30"]
[Round "5.17"]
[White "Radeke, Timothy"]
[Black "Krstovic, Marko"]
[Result "0-1"]
[ECO "E11"]
[WhiteElo "1143"]
[BlackElo "1443"]
[Annotator "NA RC"]
[PlyCount "53"]
[EventDate "2020.10.27"]
[EventType "swiss"]
[EventRounds "7"]
[EventCountry "GER"]
[SourceTitle "playchess.com"]
[Source "ChessBase"]
[SourceQuality "1"]
[TimeControl "40/4500+30:900+30"]

1. d4 Nf6 2. c4 e6 3. Nf3 Bb4+ 4. Nbd2 b6 5. a3 Be7 6. e4 Bb7 7. Qc2 c5 8. Bd3 cxd4 9. Nxd4 e5 10. Nf5 O-O 11. O-O Nc6 12. Nf3 d6 13. b4 Rc8 14. Bg5 h6 15. Be3 Nb8 16. Rad1 Nbd7 17. Rfe1 b5 18. Nxe7+ Qxe7 19. c5 dxc5 20. Bxc5 Nxc5 21. bxc5 Qxc5 22. Qb2 Rfe8 23. Bxb5 Bc6 24. Rc1 Qxb5 25. Qa1 Bxe4 26. Nxe5 Rxc1 27. Nf3 0-1

[Event "GER-ch Youth U10 2020"]
[Site "Willingen"]
[Date "2020.10.30"]
[Round "5.18"]
[White "Ahlers, Quentin"]
[Black "Theviot, Luca"]
[Result "1/2-1/2"]
[ECO "B20"]
[WhiteElo "1425"]
[BlackElo "1423"]
[Annotator "NA RC"]
[PlyCount "65"]
[EventDate "2020.10.27"]
[EventType "swiss"]
[EventRounds "7"]
[EventCountry "GER"]
[SourceTitle "playchess.com"]
[Source "ChessBase"]
[SourceQuality "1"]
[TimeControl "40/4500+30:900+30"]

1. e4 c5 2. Bc4 e6 3. Nc3 Nc6 4. Nf3 a6 5. a3 b5 6. Ba2 Qc7 7. O-O Bb7 8. d3 Nf6 9. Re1 Bd6 10. d4 cxd4 11. Nxd4 Bxh2+ 12. Kf1 Bd6 13. Nxc6 Qxc6 14. Nd5 Be7 15. Nxe7 Kxe7 16. Bg5 h6 17. Bd5 Qc7 18. Bxf6+ gxf6 19. Bxb7 Qxb7 20. Re3 Rhg8 21. Qd2 Rac8 22. Rd1 Rc6 23. Rd3 Rd8 24. c3 Rc5 25. f3 Rh5 26. Qf2 Qc6 27. Qe3 Rg5 28. f4 Rg4 29. Qf3 h5 30. Qf2 d6 31. e5 fxe5 32. fxe5 d5 33. Qf6+ 1/2-1/2

[Event "GER-ch Youth U10 2020"]
[Site "Willingen"]
[Date "2020.10.30"]
[Round "5.19"]
[White "Meng, Yuxuan"]
[Black "Hellenbroich, Hanno"]
[Result "1-0"]
[ECO "B76"]
[WhiteElo "1515"]
[BlackElo "1291"]
[Annotator "NA RC"]
[PlyCount "59"]
[EventDate "2020.10.27"]
[EventType "swiss"]
[EventRounds "7"]
[EventCountry "GER"]
[SourceTitle "playchess.com"]
[Source "ChessBase"]
[SourceQuality "1"]
[TimeControl "40/4500+30:900+30"]

1. e4 c5 2. Nf3 d6 3. d4 cxd4 4. Nxd4 g6 5. Nc3 Nf6 6. Be3 Bg7 7. f3 O-O 8. Qd2 Nc6 9. O-O-O Be6 10. Kb1 Qc8 11. Bh6 a6 12. Bxg7 Kxg7 13. g4 b5 14. h4 b4 15. Nce2 a5 16. h5 Ne5 17. hxg6 fxg6 18. Qh6+ Kh8 19. g5 Nh5 20. Rxh5 gxh5 21. Qxe6 Qxe6 22. Nxe6 Rxf3 23. N2d4 Rg3 24. Nf5 Rg1 25. Kc1 Nf3 26. Be2 Rxd1+ 27. Kxd1 Ne5 28. Bxh5 Ng6 29. Bxg6 hxg6 30. Nxe7 1-0

[Event "GER-ch Youth U10 2020"]
[Site "Willingen"]
[Date "2020.10.30"]
[Round "5.20"]
[White "Huang, Luca Hanson"]
[Black "Nemitz, Alfred"]
[Result "0-1"]
[ECO "D02"]
[WhiteElo "1570"]
[BlackElo "1287"]
[Annotator "NA RC"]
[PlyCount "84"]
[EventDate "2020.10.27"]
[EventType "swiss"]
[EventRounds "7"]
[EventCountry "GER"]
[SourceTitle "playchess.com"]
[Source "ChessBase"]
[SourceQuality "1"]
[TimeControl "40/4500+30:900+30"]

1. d4 Nf6 2. Nf3 d5 3. Bf4 Bf5 4. e3 e6 5. Nbd2 Bd6 6. Bg3 O-O 7. Nh4 Bg6 8. Nxg6 hxg6 9. Bd3 Qe7 10. c4 c6 11. c5 Bc7 12. Qb3 b6 13. Rc1 b5 14. a4 a6 15. Nf3 Rc8 16. Ne5 Ba5+ 17. Ke2 Nbd7 18. Nxd7 Qxd7 19. Bd6 Bc7 20. Bg3 Qe7 21. Bxc7 Qxc7 22. f4 Rcb8 23. Rc2 Qe7 24. h3 Nh5 25. Kf3 Qh4 26. Rf2 Ng3 27. Rg1 Ne4 28. Bxe4 dxe4+ 29. Ke2 bxa4 30. Qa2 Rb5 31. Kf1 Rab8 32. Rh1 Rb3 33. Re2 a3 34. g3 Qxg3 35. Rhh2 axb2 36. Rxb2 Rxb2 37. Rxb2 Qxh3+ 38. Kg1 Qxe3+ 39. Kg2 Rxb2+ 40. Qxb2 Qxf4 41. Kg1 e3 42. Qb8+ Qxb8 0-1

[Event "GER-ch Youth U10 2020"]
[Site "Willingen"]
[Date "2020.10.30"]
[Round "5.21"]
[White "Klasen, Ennio Rodriguez"]
[Black "Conrad, Marius"]
[Result "1-0"]
[ECO "B21"]
[WhiteElo "1297"]
[BlackElo "1645"]
[Annotator "NA RC"]
[PlyCount "149"]
[EventDate "2020.10.27"]
[EventType "swiss"]
[EventRounds "7"]
[EventCountry "GER"]
[SourceTitle "playchess.com"]
[Source "ChessBase"]
[SourceQuality "1"]
[TimeControl "40/4500+30:900+30"]

1. e4 c5 2. f4 d5 3. e5 Nc6 4. Nf3 e6 5. d3 Nge7 6. c3 Nf5 7. d4 cxd4 8. Bd3 Ne3 9. Qe2 Nc4 10. Bxc4 dxc4 11. Qxc4 dxc3 12. Nxc3 Be7 13. Be3 O-O 14. O-O Qc7 15. Rfd1 b6 16. Rac1 Bb7 17. Nb5 Qc8 18. Nd6 Bxd6 19. Rxd6 Na5 20. Qb5 Qb8 21. Nd4 Rc8 22. Qf1 Rxc1 23. Qxc1 Bd5 24. b3 h6 25. Rd7 Qe8 26. Qc7 Rc8 27. Qxa7 Nc6 28. Nxc6 Bxc6 29. Rc7 Rxc7 30. Qxc7 Bd5 31. Qxb6 Qc8 32. Bc5 Qa8 33. Qa7 Qd8 34. Be7 Qc8 35. Qe3 Qc2 36. Qf2 Qd1+ 37. Qf1 Qd4+ 38. Kh1 Qb2 39. b4 Qxa2 40. Bc5 Qb2 41. h3 Bc6 42. Kh2 Kh7 43. Qf2 Qb3 44. Qg3 Qb1 45. Qf2 Qe4 46. Qf1 Qd5 47. Qf3 Qd7 48. Qe2 Qd5 49. Qc2+ Qe4 50. Qxe4+ Bxe4 51. b5 Kg6 52. g4 h5 53. b6 hxg4 54. hxg4 Kh6 55. Kg3 g5 56. fxg5+ Kxg5 57. Be7+ Kg6 58. Bf6 Bb7 59. Kf4 Bd5 60. Ke3 Kh7 61. Kd4 Kg8 62. Kc5 Kf8 63. Kd6 Ke8 64. Kc7 Be4 65. b7 Bxb7 66. Kxb7 Kf8 67. Kc6 Kg8 68. Kd7 Kh7 69. Ke7 Kg6 70. g5 Kh7 71. Kf8 Kg6 72. Kg8 Kh5 73. Kxf7 Kg4 74. g6 Kh5 75. g7 1-0

[Event "GER-ch Youth U10 2020"]
[Site "Willingen"]
[Date "2020.10.30"]
[Round "5.22"]
[White "Ehrath, Hendrik"]
[Black "Mohammadzadeh, Daris"]
[Result "0-1"]
[ECO "B23"]
[WhiteElo "1193"]
[BlackElo "1311"]
[Annotator "NA RC"]
[PlyCount "54"]
[EventDate "2020.10.27"]
[EventType "swiss"]
[EventRounds "7"]
[EventCountry "GER"]
[SourceTitle "playchess.com"]
[Source "ChessBase"]
[SourceQuality "1"]
[TimeControl "40/4500+30:900+30"]

1. e4 c5 2. Nc3 g6 3. f4 Bg7 4. Nf3 Nc6 5. Bc4 e6 6. O-O Nge7 7. d3 O-O 8. Qe1 d5 9. exd5 exd5 10. Bb3 Re8 11. Qh4 Nf5 12. Qf2 Be6 13. Rd1 Ncd4 14. Nxd4 Bxd4 15. Ba4 Bxf2+ 16. Kxf2 Re7 17. g4 Nd4 18. f5 Bd7 19. Bg5 Bxa4 20. Bxe7 Qxe7 21. Nxa4 Qe2+ 22. Kg3 Qf3+ 23. Kh4 h6 24. fxg6 fxg6 25. Rd2 Kh7 26. Rg1 g5+ 27. Kh5 Qh3# 0-1

[Event "GER-ch Youth U10 2020"]
[Site "Willingen"]
[Date "2020.10.30"]
[Round "5.23"]
[White "Bock, Leonas"]
[Black "Kamleiter, Noah"]
[Result "1-0"]
[ECO "A03"]
[WhiteElo "1301"]
[BlackElo "1573"]
[Annotator "NA RC"]
[PlyCount "43"]
[EventDate "2020.10.27"]
[EventType "swiss"]
[EventRounds "7"]
[EventCountry "GER"]
[SourceTitle "playchess.com"]
[Source "ChessBase"]
[SourceQuality "1"]
[TimeControl "40/4500+30:900+30"]

1. f4 d5 2. b3 c5 3. Bb2 Nc6 4. e3 Nf6 5. Nf3 a6 6. Be2 e6 7. d3 Be7 8. Nbd2 O-O 9. Ne5 Qc7 10. Ndf3 Nd7 11. O-O f6 12. Nxc6 Qxc6 13. Qe1 Bd6 14. Qh4 e5 15. fxe5 Nxe5 16. Nxe5 Bxe5 17. Bxe5 fxe5 18. Rxf8+ Kxf8 19. Rf1+ Ke8 20. Qh5+ Qg6 21. Qxe5+ Be6 22. Bh5 1-0

[Event "GER-ch Youth U10 2020"]
[Site "Willingen"]
[Date "2020.10.30"]
[Round "5.25"]
[White "Wolff, Calvin"]
[Black "Blumenthal Tuset, Sebastian"]
[Result "1-0"]
[ECO "B01"]
[WhiteElo "1219"]
[BlackElo "1453"]
[Annotator "NA RC"]
[PlyCount "99"]
[EventDate "2020.10.27"]
[EventType "swiss"]
[EventRounds "7"]
[EventCountry "GER"]
[SourceTitle "playchess.com"]
[Source "ChessBase"]
[SourceQuality "1"]
[TimeControl "40/4500+30:900+30"]

1. e4 d5 2. exd5 Qxd5 3. Nc3 Qd6 4. d4 Nf6 5. Bc4 Bg4 6. f3 Bh5 7. Nge2 e6 8. Bf4 Qd8 9. O-O c6 10. Re1 Be7 11. Ng3 Bg6 12. Qd2 O-O 13. Rad1 Nbd7 14. Qe2 Bb4 15. Bd2 Bxc2 16. Rc1 Bg6 17. a3 Bxc3 18. Bxc3 Re8 19. Ne4 Nxe4 20. fxe4 Nf6 21. Bd3 Qc7 22. e5 Bxd3 23. Qxd3 Nd5 24. Bd2 Qb6 25. Rf1 Kf8 26. Kh1 Ke7 27. Bg5+ f6 28. exf6+ Nxf6 29. Bxf6+ gxf6 30. Qxh7+ Kd6 31. Qc2 f5 32. Qe2 Qb5 33. Qe3 Qd5 34. Qg3+ Kd7 35. Rf4 Rg8 36. Qf2 Rg7 37. Rc3 Qa2 38. Qe1 Qxb2 39. Rf2 Qb5 40. Rff3 Rh8 41. Rb3 Qa6 42. Qb1 Kd6 43. Qe1 Kd7 44. Qa1 Rhg8 45. Rf2 b6 46. Qc1 Qb7 47. Rbb2 Qa6 48. Rbc2 Qa4 49. Rc4 Rc8 50. Rxa4 1-0

[Event "GER-ch Youth U10 2020"]
[Site "Willingen"]
[Date "2020.10.30"]
[Round "5.26"]
[White "Goldkuhle, Collin"]
[Black "Kutz, Paul Matti"]
[Result "1-0"]
[ECO "C78"]
[WhiteElo "1418"]
[BlackElo "1242"]
[Annotator "NA RC"]
[PlyCount "125"]
[EventDate "2020.10.27"]
[EventType "swiss"]
[EventRounds "7"]
[EventCountry "GER"]
[SourceTitle "playchess.com"]
[Source "ChessBase"]
[SourceQuality "1"]
[TimeControl "40/4500+30:900+30"]

1. e4 e5 2. Nf3 Nc6 3. Bb5 a6 4. Ba4 b5 5. Bb3 Bb7 6. O-O Nf6 7. d4 Nxe4 8. Re1 Na5 9. Nxe5 Nxb3 10. axb3 Qh4 11. f3 Qf2+ 12. Kh1 Nf6 13. Ng4+ Qxe1+ 14. Qxe1+ Be7 15. Nxf6+ gxf6 16. Bf4 O-O-O 17. Qxe7 Rhe8 18. Qb4 Rg8 19. Nd2 Rde8 20. Qc5 Bc6 21. d5 d6 22. Qxc6 Kd8 23. Qa8+ Ke7 24. Re1+ Kd7 25. Rxe8 Rxe8 26. Qc6+ Kd8 27. Ne4 f5 28. Qa8+ Ke7 29. Bg5+ Kf8 30. Qxe8+ Kxe8 31. Nf6+ Kf8 32. Nxh7+ Kg7 33. Nf6 Kg6 34. h4 f4 35. Ne8 f5 36. Nxc7 Kh7 37. c4 bxc4 38. bxc4 a5 39. c5 a4 40. cxd6 a3 41. bxa3 Kg6 42. d7 Kh5 43. Bh6 Kg6 44. d8=R Kh7 45. Rd7+ Kg6 46. h5+ Kxh6 47. Ne6 Kxh5 48. Nxf4+ Kg5 49. a4 Kxf4 50. a5 Kg3 51. a6 f4 52. Rg7+ Kf2 53. a7 Kf1 54. a8=Q Kf2 55. Qa2+ Ke3 56. Re7+ Kd4 57. Qd2+ Kc5 58. Rc7+ Kd6 59. Qxf4+ Kxd5 60. Qe4+ Kd6 61. Rc6+ Kd7 62. Qe6+ Kd8 63. Rc8# 1-0

[Event "GER-ch Youth U10 2020"]
[Site "Willingen"]
[Date "2020.10.30"]
[Round "5.27"]
[White "Gulamzada, Elmir"]
[Black "Mündörfer, Sebastian"]
[Result "0-1"]
[ECO "B38"]
[WhiteElo "1397"]
[BlackElo "1175"]
[Annotator "NA RC"]
[PlyCount "71"]
[EventDate "2020.10.27"]
[EventType "swiss"]
[EventRounds "7"]
[EventCountry "GER"]
[SourceTitle "playchess.com"]
[Source "ChessBase"]
[SourceQuality "1"]
[TimeControl "40/4500+30:900+30"]

1. e4 c5 2. Nf3 g6 3. d4 cxd4 4. Nxd4 Bg7 5. c4 Nc6 6. Be3 d6 7. Nc3 Nf6 8. f3 O-O 9. Qd2 Qc7 10. Be2 a6 11. O-O Nxd4 12. Bxd4 Be6 13. b3 Rfc8 14. Rad1 Qa5 15. Rc1 Rc7 16. Qe3 Nd7 17. Bxg7 Kxg7 18. Qd4+ Kg8 19. Rc2 Qc5 20. Qxc5 Rxc5 21. Nd5 Bxd5 22. exd5 b5 23. Re1 Kf8 24. Bd3 bxc4 25. bxc4 Ra7 26. Kf2 Rb7 27. Ree2 Rc8 28. Rb2 Rcb8 29. Rxb7 Rxb7 30. Ke3 Rb4 31. Kd4 Nc5 32. Kc3 Ra4 33. Rd2 Ra3+ 34. Kc2 Rxa2+ 35. Kc3 Na4+ 36. Kd4 0-1

[Event "GER-ch Youth U10 2020"]
[Site "Willingen"]
[Date "2020.10.30"]
[Round "5.28"]
[White "Yin, Vito"]
[Black "Deiringer, Julius"]
[Result "0-1"]
[ECO "D35"]
[WhiteElo "1320"]
[BlackElo "1332"]
[Annotator "NA RC"]
[PlyCount "96"]
[EventDate "2020.10.27"]
[EventType "swiss"]
[EventRounds "7"]
[EventCountry "GER"]
[SourceTitle "playchess.com"]
[Source "ChessBase"]
[SourceQuality "1"]
[TimeControl "40/4500+30:900+30"]

1. d4 d5 2. c4 e6 3. Nc3 Nf6 4. a3 Nc6 5. Nf3 Be7 6. Bg5 O-O 7. e3 Nd7 8. Bxe7 Nxe7 9. Qc2 Nf6 10. Bd3 h6 11. O-O-O dxc4 12. Bxc4 Ned5 13. Ne2 Qd6 14. Rd2 Ne7 15. g3 Bd7 16. e4 Ng4 17. Nc3 Rfb8 18. h3 b5 19. Bd3 a5 20. e5 Qb6 21. hxg4 Qb7 22. Be2 b4 23. Nb1 bxa3 24. Nxa3 Bc6 25. Rd3 Be4 26. Nc4 Bxd3 27. Qxd3 Qc6 28. g5 Nd5 29. gxh6 Nb4 30. h7+ Kh8 31. Qa3 Qe4 32. Kd2 Qc2+ 33. Ke1 Qc1+ 34. Bd1 Nc2+ 35. Ke2 Nxa3 36. bxa3 Qxc4+ 37. Ke1 Qc3+ 38. Kf1 Qd3+ 39. Kg2 Qe4 40. Rh4 Qd5 41. Kh2 Rb1 42. Be2 Rb2 43. Bd1 Rxf2+ 44. Kh3 Rxf3 45. Kg2 Rd3+ 46. Bf3 Qxf3+ 47. Kh2 Qxg3+ 48. Kh1 Rd1# 0-1

[Event "GER-ch Youth U10 2020"]
[Site "Willingen"]
[Date "2020.10.30"]
[Round "5.29"]
[White "Allen, Phillipp"]
[Black "Peters, Lasse"]
[Result "1-0"]
[ECO "B45"]
[WhiteElo "1250"]
[BlackElo "1223"]
[Annotator "NA RC"]
[PlyCount "49"]
[EventDate "2020.10.27"]
[EventType "swiss"]
[EventRounds "7"]
[EventCountry "GER"]
[SourceTitle "playchess.com"]
[Source "ChessBase"]
[SourceQuality "1"]
[TimeControl "40/4500+30:900+30"]

1. e4 c5 2. Nf3 Nc6 3. d4 cxd4 4. Nxd4 e6 5. Nc3 Nf6 6. Be3 Bb4 7. Bd3 Ne5 8. a3 Nxd3+ 9. cxd3 Be7 10. Rc1 e5 11. Nf5 Bf8 12. O-O d6 13. Ng3 Ng4 14. h3 Nxe3 15. fxe3 Bd7 16. Qf3 Be6 17. Nb5 f6 18. Nc7+ Ke7 19. Nf5+ Kf7 20. Nxa8 Qxa8 21. Rc7+ Kg8 22. Nh6+ gxh6 23. Qg3+ Bg4 24. Qxg4+ Bg7 25. Qxg7# 1-0

[Event "GER-ch Youth U10 2020"]
[Site "Willingen"]
[Date "2020.10.30"]
[Round "6.1"]
[White "Goldmann, David"]
[Black "Besou, Hussain"]
[Result "0-1"]
[ECO "E73"]
[WhiteElo "1644"]
[BlackElo "1825"]
[Annotator "NA RC"]
[PlyCount "68"]
[EventDate "2020.10.27"]
[EventType "swiss"]
[EventRounds "7"]
[EventCountry "GER"]
[SourceTitle "playchess.com"]
[Source "ChessBase"]
[SourceQuality "1"]
[TimeControl "40/4500+30:900+30"]

1. d4 Nf6 2. c4 g6 3. Nc3 Bg7 4. e4 d6 5. Be2 O-O 6. Be3 c5 7. d5 e6 8. Qd2 {[%emt 0:01:03] E73: King's Indian: Averbakh Variation without 6...c5.} exd5 9. exd5 Re8 10. f3 {[%emt 0:01:19] [#]} a6 $146 ({Predecessor:} 10... Nbd7 11. Bh6 Bh8 12. O-O-O Ne5 13. g4 a6 14. h4 Bd7 15. Qf4 Qa5 16. Bg5 {½-½ (16) Djian,L (1503)-Zaza,A (1834) Prague 2016}) 11. O-O-O b5 12. cxb5 axb5 13. Bxb5 Bd7 14. Bc4 Qa5 15. Nb1 {[%emt 0:05:38] [#]} (15. Nge2 $17) 15... Qa4 $2 (15... Qb4 $1 $19 {[%cal Rb4c4] and Black stays clearly on top.} 16. Qxb4 cxb4) 16. Bb3 Qa6 17. Na3 Ba4 18. Bxa4 Qxa4 19. Ne2 {[%emt 0:00:33] [#]} Nxd5 $1 20. Qxd5 {[%emt 0:01:46] [#]} Bxb2+ $1 21. Kxb2 Qxa3+ 22. Kc2 $19 (22. Ka1 $142 Rxe3 23. Rd2) 22... Rxe3 23. Kd2 Re5 24. Qd3 Qxa2+ 25. Ke1 c4 26. Qd2 c3 27. Qd3 c2 28. Rc1 Qb2 29. Kf2 Qb6+ 30. Kf1 Ra2 31. Qc4 Qe3 32. Qxa2 Qxe2+ 33. Kg1 Rg5 34. g3 Re5 0-1

[Event "GER-ch Youth U10 2020"]
[Site "Willingen"]
[Date "2020.10.30"]
[Round "6.2"]
[White "Aniol, Nico"]
[Black "Neuhoff, Laertes"]
[Result "0-1"]
[ECO "A20"]
[WhiteElo "1417"]
[BlackElo "1655"]
[Annotator "NA RC"]
[PlyCount "60"]
[EventDate "2020.10.27"]
[EventType "swiss"]
[EventRounds "7"]
[EventCountry "GER"]
[SourceTitle "playchess.com"]
[Source "ChessBase"]
[SourceQuality "1"]
[TimeControl "40/4500+30:900+30"]

1. c4 e5 2. g3 c6 3. e4 Nf6 4. Nc3 Bc5 5. Nf3 Ng4 6. d4 exd4 7. Nxd4 Qf6 8. Be3 Nxe3 9. fxe3 O-O 10. Bg2 d6 11. Rf1 Qh6 12. Qf3 Nd7 13. Nf5 Qf6 14. Rf2 Ne5 15. Qe2 Bxf5 16. Rxf5 Qh6 17. Kf2 Bxe3+ 18. Kf1 g6 19. Rf6 Bc5 20. h3 Qg5 21. Rf3 Nxf3 22. Qxf3 f5 23. Ke2 fxe4 24. Qg4 Qxg4+ 25. hxg4 Rf2+ 26. Kd1 Rxg2 27. Ne2 Rf8 28. Ke1 Rff2 29. b4 Rxe2+ 30. Kd1 Bxb4 0-1

[Event "GER-ch Youth U10 2020"]
[Site "Willingen"]
[Date "2020.10.30"]
[Round "6.3"]
[White "Kullmann, Max"]
[Black "Herrmann, Jakob"]
[Result "0-1"]
[ECO "E81"]
[WhiteElo "1375"]
[BlackElo "1504"]
[Annotator "NA RC"]
[PlyCount "64"]
[EventDate "2020.10.27"]
[EventType "swiss"]
[EventRounds "7"]
[EventCountry "GER"]
[SourceTitle "playchess.com"]
[Source "ChessBase"]
[SourceQuality "1"]
[TimeControl "40/4500+30:900+30"]

1. d4 Nf6 2. c4 g6 3. Nc3 Bg7 4. e4 d6 5. f3 O-O 6. Be3 a6 7. Qd2 Nbd7 8. g4 c6 9. h4 b5 10. cxb5 axb5 11. h5 e5 12. d5 b4 13. Nce2 cxd5 14. exd5 Ra5 15. Bh6 Rxd5 16. Qc1 Nc5 17. Qe3 Nd3+ 18. Kd1 Nf4+ 19. Kc2 Bxh6 20. Qb3 Be6 21. Qxb4 Qc7+ 22. Nc3 Rb8 23. Qa3 Ra5 24. Qxa5 Qxa5 25. Nge2 gxh5 26. Nxf4 Bxf4 27. gxh5 Bf5+ 28. Kd1 Rxb2 29. Rg1+ Kh8 30. Rg2 Qxc3 31. Rxb2 Qxb2 32. Bd3 Qd2# 0-1

[Event "GER-ch Youth U10 2020"]
[Site "Willingen"]
[Date "2020.10.30"]
[Round "6.4"]
[White "Buchinger, Alexis"]
[Black "Marcziter, Alex"]
[Result "1-0"]
[ECO "C50"]
[WhiteElo "1496"]
[BlackElo "1401"]
[Annotator "NA RC"]
[PlyCount "121"]
[EventDate "2020.10.27"]
[EventType "swiss"]
[EventRounds "7"]
[EventCountry "GER"]
[SourceTitle "playchess.com"]
[Source "ChessBase"]
[SourceQuality "1"]
[TimeControl "40/4500+30:900+30"]

1. e4 e5 2. Nf3 Nc6 3. Bc4 Nf6 4. d3 Bc5 5. O-O h6 6. c3 d6 7. a4 a6 8. Re1 O-O 9. Nbd2 Be6 10. Bxe6 fxe6 11. Nf1 Ba7 12. Be3 Qe8 13. Bxa7 Rxa7 14. Ng3 Ra8 15. b4 b5 16. Qb3 Kh7 17. axb5 axb5 18. Rxa8 Qxa8 19. Qxe6 Qa3 20. Ne2 Qb2 21. Nh4 g6 22. Qh3 Nb8 23. Nf3 Kg7 24. Nh4 Qd2 25. Kf1 Kh7 26. Nf3 Qa2 27. Ng5+ Kg7 28. Ne6+ Kf7 29. Nxf8 Kxf8 30. Qc8+ Ne8 31. Qxb8 c6 32. Rd1 Qc2 33. Ke1 Qb3 34. f3 Qf7 35. Ra1 Qe7 36. Ra8 Qh4+ 37. g3 Qe7 38. Nc1 Qd7 39. Nb3 Qe7 40. Na5 Qd7 41. Qb7 Qe6 42. Qxc6 Kg7 43. Qxe8 Qxe8 44. Rxe8 Kf7 45. Rb8 g5 46. Rxb5 h5 47. Nc6 g4 48. Nxe5+ dxe5 49. Rxe5 gxf3 50. Rxh5 f2+ 51. Kxf2 Kg6 52. Ra5 Kf6 53. b5 Ke6 54. h4 Kd6 55. h5 Ke6 56. b6 Kf6 57. b7 Ke6 58. b8=Q Kf6 59. Qb6+ Ke7 60. Ra7+ Ke8 61. Qb8# 1-0